 Dungeon Crawl Stone Soup version 0.23-a0-690-g0a1fc62c7c (webtiles) character file.

79 Adamkad1 the Magician (level 4, 0/21 HPs)
             Began as a Spriggan Earth Elementalist on Jan 11, 2019.
             Killed by nerve-wracking pain
             ... invoked by Grinder
              (10 damage)
             ... while paralysed by Grinder
             ... on level 3 of the Dungeon.
             The game lasted 00:04:46 (1834 turns).

Adamkad1 the Magician (Spriggan Earth Elementalist) Turns: 1834, Time: 00:04:47

Health: 0/21       AC:  2    Str:  4    XL:     4   Next: 16%
Magic:  4/10       EV:  4    Int: 17    God:
Gold:   82         SH:  0    Dex: 16    Spells: 0/10 levels left

rFire    . . .     SeeInvis +   (weapon restricted)
rCold    . . .     Gourm    .   (shield restricted)
rNeg     . . .     Faith    .   c - +0 robe
rPois    .         Spirit   .   (helmet restricted)
rElec    .         Reflect  .   (no cloak)
rCorr    .         Harm     .   (gloves unavailable)
MR       .....                  (boots unavailable)
Stlth    ++........             (no amulet)
HPRegen  0.07/turn              (no ring)
MPRegen  0.12/turn              (no ring)

@: paralysed, very slightly contaminated, very quick
A: very small, unfitting armour, see invisible, herbivore, speed 3, slow
metabolism 2
a: no special abilities


You were on level 3 of the Dungeon.
You were not hungry.

You visited 1 branch of the dungeon, and saw 3 of its levels.

You collected 82 gold pieces.

Inventory:

Missiles
 b - 83 stones (quivered)
Armour
 c - a +0 robe (worn)
Scrolls
 a - a scroll of blinking {unknown}
 e - 4 scrolls of teleportation
 f - a scroll of magic mapping {unknown}
 i - a scroll of amnesia {unknown}
 l - a scroll of remove curse {unknown}
Potions
 g - a potion of invisibility {unknown}
 h - a potion of brilliance {unknown}
 j - 2 potions of haste {unknown}
 k - a potion of curing {unknown}
Comestibles
 d - 3 rations


   Skills:
 - Level 3.2 Dodging
 - Level 3.4 Stealth
 * Level 3.9 Spellcasting
 + Level 0.3 Conjurations
 + Level 2.2 Transmutations
 * Level 3.4 Earth Magic


You couldn't memorise any spells.
You knew the following spells:

 Your Spells              Type           Power        Failure   Level  Hunger
a - Sandblast             Erth           ##....       4%          1    None
b - Passwall              Tmut/Erth      ##......     8%          2    ##.....
c - Stone Arrow           Conj/Erth      #.....       22%         3    ###....
d - Petrify               Tmut/Erth      ##......     43%         4    ####...

Your spell library contained the following spells:

 Spells                   Type           Power        Failure   Level  Hunger
 Lee's Rapid Deconstruct  Erth           ##........   73%         5    ######.


Dungeon Overview and Level Annotations

Branches:
Dungeon (3/15)

Altars:
The Shining One

Annotations:
D:3 Grinder


Innate Abilities, Weirdness & Mutations

You are very small and have problems with some larger weapons.
You are too small for most types of armour.
You have supernaturally acute eyesight. (SInv)
You are a herbivore.
You cover ground extremely quickly.
You need to consume almost no food.


Message History

Aiming: Sandblast (safe; 4% risk of failure)
Press: ? - help, Shift-Dir - straight line, f/p - Grinder
Aim: Grinder The blast of sand hits Grinder.
Grinder is moderately wounded.
b - 84 stones
Casting: Sandblast (safe; 4% risk of failure)
Confirm with . or Enter, or press ? or * to list all spells.
Aiming: Sandblast (safe; 4% risk of failure)
Press: ? - help, Shift-Dir - straight line, f/p - Grinder
Aim: Grinder (moderately wounded)
The blast of sand misses Grinder.
b - 83 stones Grinder hits you!
You writhe in agony.
Grinder gestures at you.
You suddenly lose the ability to move!
Grinder blinks!
Grinder gestures at you. Pain shoots through your body!
You die...

....>............
..#................
#.#................
##.#...............# .
##..#...............#
..###...####........###..
.....#.............# #..
.....#........###### #.. #.
#...@......# #.. #..
##......5..# ######.. #..#
##.ยง#########....... ..#
##....####..# #...........
#..##..##..##...# #...........
)..............# #...........
#.............# #.........##
#.............#####...........
#.............#...#...........


You could see Grinder.

Vanquished Creatures
  A wight (D:3)
  2 dart slugs
  A leopard gecko (D:1)
  4 giant cockroaches
  5 goblins
  2 hobgoblins
  3 ball pythons
  3 bats
  7 frilled lizards
  2 kobolds
  5 rats
35 creatures vanquished.

Notes
Turn   | Place    | Note
-------+----------+-------------------------------------------
     0 | D:1      | Adamkad1 the Spriggan Earth Elementalist began the quest
                  | for the Orb.
     0 | D:1      | Reached XP level 1. HP: 9/9 MP: 5/5
   336 | D:1      | Reached XP level 2. HP: 13/13 MP: 3/6
   343 | D:1      | Learned a level 2 spell: Passwall
   985 | D:2      | Reached XP level 3. HP: 16/16 MP: 0/8
  1163 | D:2      | Found a glowing golden altar of the Shining One.
  1334 | D:3      | Noticed Grinder
  1391 | D:3      | Learned a level 3 spell: Stone Arrow
  1600 | D:3      | Reached XP level 4. HP: 21/21 MP: 5/10
  1762 | D:3      | Learned a level 4 spell: Petrify
  1832 | D:3      | Paralysed by Grinder for 2 turns
  1834 | D:3      | Killed from afar by Grinder

Vault maps used:
D:1:      dpeg_arrival_connections
D:2:      tso_altar
D:3:      palyth_stone_intersect, uniq_grinder

Skill      XL: |  1  2  3 |
---------------+----------+-----
Spellcasting   | 3 |  3.9
Earth Magic    | 3 |  3.4
Transmutations | 2 |  2.2
Dodging        | |  3.2
Stealth        | |  3.4
Conjurations   | |  0.3

Action                   |  1- 3 |  4- 6 || total
-------------------------+-------+-------++-------
 Cast: Sandblast         |    45 |    12 ||    57
       Stone Arrow       |       |     1 ||     1
  Use: Scroll            |       |     1 ||     1
Armor: Robe              |     1 |       ||     1
Dodge: Dodged            |    11 |     1 ||    12

Table legend:
 A = Non-vault XP
 B = Vault XP
 C = Vault XP percentage of total XP
 D = Non-vault monster count
 E = Vault monster count
 F = Vault count percentage of total count
                 A         B        C        D         E       F
            +---------+---------+-------+---------+---------+-------
      Total |     113 |       0 |   0.0 |      35 |       0 |   0.0
            +---------+---------+-------+---------+---------+-------
        D:1 |      20 |       0 |   0.0 |      12 |       0 |   0.0
        D:2 |      23 |       0 |   0.0 |      14 |       0 |   0.0
        D:3 |      70 |       0 |   0.0 |       9 |       0 |   0.0
            +---------+---------+-------+---------+---------+-------
